 Dungeon Crawl Stone Soup version 0.20.1-1-g8b1a95d (webtiles) character file.

22483 Monsterracer the Grappler (level 12, -8/106 HPs)
             Began as a Red Draconian Transmuter on Aug 17, 2017.
             Was a High Priest of Ashenzari.
             Mangled by an entropy weaver (17 damage)
             ... on level 3 of the Lair of Beasts.
             The game lasted 00:43:18 (15980 turns).

Monsterracer the Grappler (DrTm)                   Turns: 15980, Time: 00:43:19

Health: -8/106     AC: -2    Str: 13    XL:     12   Next: 63%
Magic:  14/19      EV: 18    Int: 18    God:    Ashenzari [*****.]
Gold:   272        SH:  5    Dex: 14    Spells: 2/21 levels left

rFire    + + .     SeeInvis +     - Unarmed
rCold    . . .     Gourm    .   (shield currently unavailable)
rNeg     . . .     Faith    .   (armour unavailable)
rPois    .         Spirit   .   (helmet restricted)
rElec    .         Reflect  +   s - +2 cloak (curse)
rCorr    .         Harm     .   (gloves currently unavailable)
MR       .....     Clarity  +   g - +2 pair of boots (curse)
Stlth    ++........             B - +5 amulet of reflection (curse)
Regen    0.3/turn               v - ring of protection from fire (curse)
MPRegen  0.2/turn               K - ring of see invisible (curse)

@: lethally poisoned (-8 -> -23), about to teleport, blade hands, corroded
A: breathe fire, unfitting armour, horns 1, agile 1, berserk 1, fire resistance
1, mutation resistance 1, cold-blooded, AC +8
a: Breathe Fire, End Transformation, Curse Item, Scrying, Transfer Knowledge,
Renounce Religion


You were on level 3 of the Lair of Beasts.
You worshipped Ashenzari.
Ashenzari was extremely pleased with you.
You were not hungry.
You had blades for hands.
You visited 2 branches of the dungeon, and saw 13 of its levels.
You also visited: Labyrinth and Ossuary.

You collected 758 gold pieces.
You spent 486 gold pieces at shops.

Inventory:

Hand Weapons
 a - a cursed +1 quarterstaff of speed (melded)
Missiles
 j - 145 arrows
Armour
 e - a cursed +2 pair of gloves (melded)
 g - a cursed +2 pair of boots (worn)
 s - a cursed +2 cloak (worn)
 J - a scarf of cloud immunity
Jewellery
 v - a cursed ring of protection from fire (left scythe-like blade)
 B - a cursed +5 amulet of reflection (around neck)
 K - a cursed ring of see invisible (right scythe-like blade)
Wands
 b - a wand of lightning (5/15)
 l - a wand of paralysis (16/24)
 u - a wand of flame (25/48)
 I - a wand of digging (11/24)
 N - a wand of lightning (3/15)
 O - a wand of iceblast (12/15)
 P - a wand of lightning (5/15)
 Q - a wand of clouds (2/9)
Scrolls
 h - a scroll of enchant armour
 q - 3 scrolls of fear
 y - a scroll of recharging
 C - 4 scrolls of teleportation
 D - a scroll of blinking
 E - 5 scrolls of fog
Potions
 d - a potion of haste
 f - 3 potions of heal wounds
 k - 6 potions of flight
 n - a potion of might
 o - 5 potions of curing
 p - a potion of agility
 x - a potion of brilliance
 z - a potion of mutation
 A - 3 potions of magic
 G - 2 potions of invisibility
Comestibles
 c - 9 bread rations
 m - 5 meat rations
 w - 11 royal jellies


   Skills:
 + Level 9.9 Fighting
 - Level 1.6(5.1) Staves
 + Level 7.4(10.1) Dodging
 + Level 1.7(3.6) Stealth
 * Level 13.2 Unarmed Combat
 - Level 5.1 Spellcasting
 - Level 2.0(5.0) Conjurations
 - Level 2.2(5.3) Hexes
 - Level 1.2(3.6) Charms
 - Level 9.0(12.8) Transmutations
 - Level 1.5(4.2) Ice Magic
 - Level 2.0(5.0) Air Magic
 - Level 1.9(4.8) Evocations


You had 2 spell levels left.
You knew the following spells:

 Your Spells              Type           Power        Failure   Level  Hunger
a - Ice Form              Ice/Tmut       #####...     28%         4    ####...
b - Sticks to Snakes      Tmut           ######..     7%          2    #......
c - Spider Form           Tmut/Pois      ####......   24%         3    ##.....
d - Blade Hands           Tmut           ######....   21%         5    ######.
e - Swiftness             Chrm/Air       ###.....     26%         2    #......
f - Dazzling Spray        Conj/Hex       ###...       32%         3    ##.....


Dungeon Overview and Level Annotations

Branches:
Dungeon (9/15)             Temple (0/1) D:7            Lair (4/6) D:9
  Swamp (0/4) Lair:2        Snake (0/4) Lair:3
    Orc: D:9-12

Altars:
Ashenzari
Gozag
Kikubaaqudgha
Makhleb
Qazlal
Trog
Vehumet
The Shining One

Shops:
D:6 ?   D:8 :


Innate Abilities, Weirdness & Mutations

You can breathe blasts of fire.
Your fiery red scales are hard. (AC +8)
You cannot fit into any form of body armour.
Your flesh is heat resistant. (rF+)
You are cold-blooded and may be slowed by cold attacks.
You have a pair of small horns on your head.
You are agile. (Dex +2)
You tend to lose your temper in combat.
You are somewhat resistant to further mutation.


Message History

* * * LOW HITPOINT WARNING * * *
You are more poisoned.
The soldier ant poisons you!
Huge Dmg: -32%(-34hp) hp: 20%(21hp)
As you read the scroll of teleportation, it crumbles to dust.
You feel strangely unstable.
You feel sick. You block the entropy weaver's attack.
The entropy weaver completely misses you.
The entropy weaver hits you!
* * * LOW HITPOINT WARNING * * *
The entropy weaver hits you.
* * * LOW HITPOINT WARNING * * *
The soldier ant stings you.
* * * LOW HITPOINT WARNING * * *
Huge Dmg: -19%(-20hp) hp: 1%(1hp) Unknown command.
You feel much better.
You feel sick. The entropy weaver hits you!
* * * LOW HITPOINT WARNING * * *
The entropy weaver hits you!
You die...

.###.####....#.##..####......##..
####..# #......+.................
# #...# #....##.....P#.....#.....
# #...# #.....##...........+....#
# #.### #.....#####...#.....#.###
###### ##....## #..##......#####
.#.P.###......####...##......#.##
..........................[......
...............a@................
......####.####..a...............
.....##≈P..P♣P##.................
.....#≈P≈♣....≈#.............##.P
.....#≈P♣♣.♣♣≈♣#............###.#
.....#P.♣...♣P♣#.................
..##......>......##.P......##....
.#####≈♣♣[..♣≈♣#.#.#.............
####.#≈.♣♣.♣♣≈≈#............#....


You could see an entropy weaver and a soldier ant.

Vanquished Creatures
  An entropy weaver (Lair:4)
  A minotaur (Lab)
  A catoblepas (Lair:3)
  2 two-headed ogres (D:9)
  Sonja (Lair:4)
  Pikel (D:6)
  An oklob plant (Lair:1)
  Joseph (D:7)
  2 black mambas
  2 spiny frogs
  A rime drake (Lair:3)
  6 komodo dragons
  2 trolls (D:9)
  7 blink frogs
  6 hippogriffs
  Eustachio (D:5)
  A wyvern (Lair:4)
  A human (D:7)
  4 hogs (D:7)
  A basilisk (Lair:2)
  Grum (Lair:1)
  11 yaks
  A hungry ghost (D:9)
  A naga (Lair:3)
  4 insubstantial wisps (Lair:2)
  13 soldier ants (Lair:4)
  The ghost of flestrin the Gusty, an amateur TeAE (Ossuary)
  2 water moccasins
  10 porcupines
  2 sky beasts (D:6)
  3 orc warriors (D:7)
  A slave (D:6)
  A black bear (D:6)
  2 phantoms
  15 wolves
  2 ogres
  2 centaurs
  6 crocodiles
  3 elf zombies (Ossuary)
  6 bullfrogs
  Blork the orc (D:5)
  A gnoll sergeant (D:4)
  A scorpion (D:9)
  A wight (D:4)
  5 electric eels
  2 howler monkeys
  3 crimson imps (D:5)
  A bullfrog zombie (D:9)
  2 human zombies (Ossuary)
  7 hounds
  A jelly (D:9)
  An orc priest (D:7)
  2 bullfrog skeletons
  A centaur skeleton (D:8)
  2 iguanas
  Natasha (thrice) (D:2)
  9 orc wizards
  6 worker ants
  A big kobold zombie (Ossuary)
  2 mummies (Ossuary)
  Robin (D:4)
  9 gnolls
  5 adders
  3 shadow imps
  An ooze (D:1)
  An adder zombie (D:6)
  2 adder skeletons
  3 worms
  2 dart slugs
  3 leopard geckos
  41 orcs
  2 giant cockroaches
  16 goblins
  6 hobgoblins
  24 jackals
  7 kobolds
  3 quokkas
  A ball python (D:4)
  A ball python skeleton (D:4)
  7 bats
  6 frilled lizards
  3 goblin zombies (Ossuary)
  10 hobgoblin zombies (Ossuary)
  A jackal zombie (Ossuary)
  9 kobold zombies (Ossuary)
  2 leopard gecko zombies
  6 orc zombies (Ossuary)
  2 quokka zombies
  6 rats
  A rat zombie (Ossuary)
  A plant (Lair:1)
367 creatures vanquished.

Vanquished Creatures (collateral kills)
  A gnoll (D:5)
1 creature vanquished.

Vanquished Creatures (others)
  A wizard (D:7)
  A wolf (Lair:4)
  A kobold zombie (Ossuary)
  2 fungi (Lair:4)
  2 plants (Lair:4)
7 creatures vanquished.

Grand Total: 375 creatures vanquished

Notes
Turn   | Place    | Note
-------+----------+-------------------------------------------
     0 | D:1      | Monsterracer the Draconian Transmuter began the quest for the Orb.
     0 | D:1      | Reached XP level 1. HP: 16/16 MP: 3/3
   345 | D:1      | Reached XP level 2. HP: 23/23 MP: 5/5
   349 | D:1      | Learned a level 2 spell: Sticks to Snakes
   657 | D:1      | Reached XP level 3. HP: 24/28 MP: 6/6
   662 | D:1      | Learned a level 3 spell: Spider Form
  1125 | D:2      | HP: 14/28 [poisoned by an adder]
  1130 | D:2      | HP: 10/28 [poisoned by an adder]
  1136 | D:2      | HP: 7/28 [poisoned by an adder]
  1142 | D:2      | HP: 4/28 [poisoned by an adder]
  1149 | D:2      | HP: 3/28 [poisoned by an adder]
  1157 | D:2      | HP: 2/28 [poisoned by an adder]
  1535 | D:2      | Noticed Natasha
  1541 | D:2      | Killed Natasha
  1541 | D:2      | Reached skill level 4 in Unarmed Combat
  1541 | D:2      | Reached XP level 4. HP: 35/35 MP: 1/7
  1564 | D:2      | Noticed Natasha
  1573 | D:2      | Killed Natasha
  1590 | D:2      | Noticed Natasha
  1703 | D:2      | Killed Natasha
  1937 | D:2      | Reached XP level 5. HP: 40/40 MP: 8/8
  2259 | D:3      | Found a glowing golden altar of the Shining One.
  3025 | D:4      | Noticed Robin
  3193 | D:4      | Killed Robin
  3759 | D:4      | Found a shattered altar of Ashenzari.
  3791 | D:4      | Became a worshipper of Ashenzari the Shackled
  3858 | D:4      | Reached skill level 5 in Unarmed Combat
  4145 | D:5      | Entered Level 5 of the Dungeon
  4190 | D:5      | Found a stormy altar of Qazlal.
  4191 | D:5      | Noticed a fire elemental
  4202 | D:5      | Noticed an air elemental
  4208 | D:5      | Noticed a centaur
  4210 | D:5      | Noticed a water elemental
  4222 | D:5      | HP: 18/41 [centaur (9)]
  4224 | D:5      | HP: 6/41 [centaur (5)]
  4227 | D:5      | Killed a centaur
  4227 | D:5      | Reached XP level 6. HP: 8/48 MP: 9/9
  4537 | D:5      | Reached skill level 5 in Transmutations
  4831 | D:5      | Reached * piety under Ashenzari
  4927 | D:5      | Noticed Eustachio
  4940 | D:5      | HP: 24/48 [river rat[Eustachio] (2)]
  4946 | D:5      | Killed Eustachio
  4946 | D:5      | Reached skill level 1 in Shields
  4946 | D:5      | Your scales start taking on a fiery red colour.
  4946 | D:5      | Reached XP level 7. HP: 18/56 MP: 5/10
  4946 | D:5      | Gained mutation: Your flesh is heat resistant. (rF+) [Red Draconian growth]
  4965 | D:4      | HP: 17/56 [worker ant (4)]
  4970 | D:4      | HP: 9/56 [worker ant (7)]
  4975 | D:4      | HP: 10/84 [poisoned by a worker ant]
  4981 | D:4      | HP: 9/84 [poisoned by a worker ant]
  4987 | D:4      | HP: 8/84 [poisoned by a worker ant]
  4995 | D:4      | HP: 8/84 [poisoned by a worker ant]
  5296 | D:4      | HP: 26/56 [gnoll sergeant/trident (8)]
  5299 | D:4      | HP: 11/56 [gnoll sergeant/trident (4)]
  5342 | D:4      | HP: 12/56 [orc wizard/magic dart (7)]
  5361 | D:4      | HP: 15/84 [orc/mace (1)]
  5690 | D:5      | Noticed Blork the orc
  5742 | D:4      | Reached skill level 6 in Unarmed Combat
  5765 | D:5      | Killed Blork the orc
  5807 | D:5      | Found a transporter.
  5894 | D:5      | Found a transporter.
  6241 | D:5      | Learned a level 5 spell: Blade Hands
  6488 | D:5      | HP: 16/57 [orc priest/divine providence (13)]
  6491 | D:5      | HP: 1/57 [orc priest/divine providence (15)]
  6571 | D:5      | HP: 12/57 [gnoll/flail (4)]
  6858 | D:6      | Reached XP level 8. HP: 52/63 MP: 5/11
  6966 | D:6      | Found Vopu's Magic Scroll Shoppe.
  6970 | D:6      | Bought a scroll of remove curse for 33 gold pieces
  6970 | D:6      | Bought a scroll of remove curse for 33 gold pieces
  7051 | D:6      | Gained mutation: You tend to lose your temper in combat. [mutagenic meat]
  7052 | D:6      | Gained mutation: You are somewhat resistant to further mutation. [mutagenic meat]
  7053 | D:6      | Gained mutation: You have a pair of small horns on your head. [mutagenic meat]
  7055 | D:6      | Gained mutation: You are agile. (Dex +2) [mutagenic meat]
  7317 | D:6      | Found a radiant altar of Vehumet.
  7447 | D:6      | Reached ** piety under Ashenzari
  7470 | D:6      | Reached skill level 7 in Unarmed Combat
  7522 | D:6      | Noticed Pikel
  7538 | D:6      | Killed Pikel
  7771 | D:7      | Noticed Joseph
  7777 | D:7      | Reached skill level 5 in Fighting
  7777 | D:7      | Reached XP level 9. HP: 74/74 MP: 1/12
  7783 | D:7      | Killed Joseph
  7783 | D:7      | Reached skill level 8 in Unarmed Combat
  7887 | D:7      | HP: 34/74 [orc warrior/halberd (13)]
  7970 | D:7      | Found a sand-covered staircase.
  8082 | Ossuary  | Entered an ossuary
  8188 | Ossuary  | Noticed flestrin's ghost (amateur TeAE)
  8204 | Ossuary  | Killed flestrin's ghost
  8238 | Ossuary  | Reached skill level 9 in Unarmed Combat
  8476 | D:7      | Found a staircase to the Ecumenical Temple.
  8650 | D:7      | HP: 35/75 [orc warrior/war axe (19)]
  9085 | D:7      | Reached XP level 10. HP: 67/84 MP: 9/14
  9226 | D:7      | Found a bloodstained altar of Trog.
  9229 | D:7      | Noticed a wizard
  9234 | D:7      | Killed a wizard
  9459 | D:8      | Found an opulent altar of Gozag.
  9460 | D:8      | Reached *** piety under Ashenzari
  9460 | D:8      | Found an ancient bone altar of Kikubaaqudgha.
  9511 | D:8      | Found a burning altar of Makhleb.
  9540 | D:8      | Learned a level 4 spell: Ice Form
  9702 | D:8      | Found Sieqah's Book Emporium.
 10044 | D:8      | Bought a book of Air for 420 gold pieces
 10112 | D:9      | Reached skill level 10 in Unarmed Combat
 10112 | D:9      | Reached skill level 1 in Ice Magic
 10154 | D:9      | HP: 42/84 [troll (2)]
 10191 | D:9      | HP: 33/86 [wolf (1)]
 10233 | D:9      | Noticed a two-headed ogre
 10239 | D:9      | HP: 35/86 [two-headed ogre/giant spiked club (9)]
 10241 | D:9      | Killed a two-headed ogre
 10487 | D:9      | Noticed a two-headed ogre
 10502 | D:9      | Killed a two-headed ogre
 10511 | D:9      | Found a staircase to the Lair.
 10701 | D:7      | Reached skill level 11 in Unarmed Combat
 10853 | Lair:1   | Entered Level 1 of the Lair of Beasts
 10866 | Lair:1   | Noticed Grum
 10876 | Lair:1   | Killed Grum
 10885 | Lair:1   | Reached XP level 11. HP: 58/94 MP: 15/17
 11060 | Lair:1   | Noticed an oklob plant
 11071 | Lair:1   | Killed an oklob plant
 11221 | Lair:1   | Reached **** piety under Ashenzari
 11277 | Lair:1   | Reached skill level 1 in Evocations
 11426 | Lair:1   | Reached skill level 5 in Spellcasting
 11434 | Lair:1   | Learned a level 2 spell: Swiftness
 11657 | Lair:1   | Reached skill level 1 in Air Magic
 12258 | Lair:2   | Reached skill level 1 in Charms
 12386 | Lair:2   | Reached skill level 5 in Dodging
 12518 | Lair:2   | Reached skill level 12 in Unarmed Combat
 12674 | Lair:2   | Reached ***** piety under Ashenzari
 13081 | Lair:2   | Found a staircase to the Swamp.
 13498 | Lair:3   | Found a labyrinth entrance.
 13506 | Lab      | Entered a labyrinth
 13639 | Lab      | Noticed a minotaur
 13643 | Lab      | HP: 48/97 [minotaur/staff of fire (33)]
 13644 | Lab      | HP: 21/97 [minotaur/staff of fire (24)]
 13962 | Lab      | Killed a minotaur
 13994 | Lair:3   | Learned a level 3 spell: Dazzling Spray
 14115 | Lair:3   | Reached XP level 12. HP: 93/104 MP: 13/19
 14264 | Lair:3   | Reached skill level 1 in Conjurations
 14312 | Lair:3   | Found a staircase to the Snake Pit.
 14316 | Lair:3   | Reached skill level 1 in Hexes
 14471 | Lair:3   | Noticed a catoblepas
 14480 | Lair:3   | Killed a catoblepas
 14714 | Lair:3   | Identified the +5 falchion of the Foremost Lives {chaos, +Rage Str-3 Dex+7 Stlth+}
 15073 | Lair:4   | Identified the +6 hand crossbow of Corporal Punishment {flame, *Drain rElec rN+ MR++}
 15247 | Lair:4   | Noticed Sonja
 15255 | Lair:4   | Killed Sonja
 15279 | Lair:4   | Noticed a queen ant
 15280 | Lair:4   | Noticed an entropy weaver
 15280 | Lair:4   | Reached skill level 1 in Staves
 15351 | Lair:4   | HP: 38/105 [entropy weaver (15)]
 15353 | Lair:4   | HP: 18/105 [entropy weaver (8)]
 15353 | Lair:4   | HP: 5/105 [entropy weaver (13)]
 15355 | Lair:4   | Killed an entropy weaver
 15355 | Lair:4   | Reached skill level 13 in Unarmed Combat
 15363 | Lair:4   | HP: 30/159 [crocodile (1)]
 15368 | Lair:4   | HP: 23/159 [crocodile (8)]
 15376 | Lair:4   | HP: 15/159 [crocodile (10)]
 15401 | Lair:4   | HP: 8/159 [crocodile (10)]
 15410 | Lair:4   | HP: 14/106 [crocodile (9)]
 15546 | Lair:4   | HP: 47/106 [soldier ant (3)]
 15551 | Lair:4   | HP: 43/106 [poisoned by a soldier ant]
 15556 | Lair:4   | Reached skill level 1 in Stealth
 15556 | Lair:4   | HP: 37/106 [poisoned by a soldier ant]
 15561 | Lair:4   | HP: 35/106 [poisoned by a soldier ant]
 15568 | Lair:4   | HP: 34/106 [poisoned by a soldier ant]
 15575 | Lair:4   | HP: 34/106 [poisoned by a soldier ant]
 15580 | Lair:3   | HP: 26/106 [wolf (4)]
 15589 | Lair:3   | HP: 20/106 [poisoned by a soldier ant]
 15960 | Lair:4   | Noticed an entropy weaver
 15978 | Lair:3   | HP: 49/106 [entropy weaver (5)]
 15978 | Lair:3   | HP: 21/106 [soldier ant (9)]
 15979 | Lair:3   | HP: 6/106 [entropy weaver (13)]
 15979 | Lair:3   | HP: 1/106 [soldier ant (3)]
 15980 | Lair:3   | Mangled by an entropy weaver

Skill      XL: |  1  2  3  4  5  6  7  8  9 10 11 12 |
---------------+-------------------------------------+-----
Transmutations | 3 4 5 6 7 8 9 |  9.0
Unarmed Combat | 4 5 6 7 9 11 12 13 | 13.2
Fighting       | 2 3 5 6 7 9 |  9.9
Shields        | 1 2 3 0 |  0.0
Spellcasting   | 3 4 5 |  5.1
Dodging        | 4 6 7 |  7.4
Ice Magic      | 1 |  1.5
Evocations     | 1 |  1.9
Air Magic      | 2 |  2.0
Charms         | 1 |  1.2
Conjurations   | 2 |  2.0
Hexes          | 2 |  2.2
Staves         | 1 |  1.6
Stealth        | 1 |  1.7

Action                   |  1- 3 |  4- 6 |  7- 9 | 10-12 || total
-------------------------+-------+-------+-------+-------++-------
Melee: Unarmed           |    96 |   290 |   435 |   422 ||  1243
       Kick              |     4 |       |       |       ||     4
       Headbutt          |     1 |       |    43 |    63 ||   107
       Tailslap          |     7 |    10 |    46 |    47 ||   110
       Punch             |     1 |     2 |     3 |    10 ||    16
       Staff             |       |       |       |    12 ||    12
       Quarterstaff      |       |       |       |    40 ||    40
 Cast: Beastly Appendage |     5 |     1 |       |       ||     6
       Spider Form       |     2 |    11 |     7 |     5 ||    25
       Sticks to Snakes  |       |     1 |     1 |       ||     2
       Blade Hands       |       |       |    10 |    55 ||    65
       Ice Form          |       |       |       |     1 ||     1
Invok: Curse Item        |       |     5 |     1 |     4 ||    10
       Transfer Knowledg |       |       |       |     1 ||     1
 Abil: Breathe Fire      |       |       |    14 |     1 ||    15
       End Transformatio |       |       |     1 |       ||     1
  Use: Scroll            |       |    13 |     8 |    11 ||    32
       Potion            |       |       |     2 |     6 ||     8
 Stab: Sleeping          |     1 |       |     1 |       ||     2
  Eat: Fruit             |     1 |       |     2 |     6 ||     9
       Chunk             |       |    14 |    27 |    27 ||    68
       Meat ration       |       |       |       |     2 ||     2
Armor: Skin              |    46 |   117 |   133 |   119 ||   415
Dodge: Dodged            |    63 |   312 |   226 |   281 ||   882
Block: Buckler           |       |     3 |    53 |    10 ||    66
       Other             |       |       |       |    81 ||    81
